 Dungeon Crawl Stone Soup version 0.19.0-2-gae57169 (webtiles) character file.

53 emikaela the Skirmisher (level 3, -3/31 HPs)
             Began as a Hill Orc Wizard on Nov 6, 2016.
             Slain by Crazy Yiuf
             ... wielding a +3 quarterstaff of chaos
              (13 damage)
             ... on level 2 of the Dungeon.
             The game lasted 00:09:01 (2605 turns).

emikaela the Skirmisher (Hill Orc Wizard)           Turns: 2605, Time: 00:09:01

Health: -3/31      AC:  2    Str:  9    XL:     3   Next: 87%
Magic:  1/6        EV: 12    Int: 18    God:
Gold:   48         SH:  0    Dex: 10    Spells: 3 memorised, 1 level left

rFire  . . .     SeeInvis .     a - +0 spear
rCold  . . .     Gourm    .     l - +0 robe
rNeg   + . .     Faith    .     (no shield)
rPois  .         Spirit   .     p - +0 hat
rElec  .         Reflect  .     (no cloak)
rCorr  .         Harm     .     (no gloves)
MR     .....                    (no boots)
Stlth  ++........               (no amulet)
                                (no ring)
                                j - ring of positive energy

@: no status effects
A: no striking features
a: no special abilities


You were on level 2 of the Dungeon.
You were not hungry.

You visited 1 branch of the dungeon, and saw 2 of its levels.

You collected 48 gold pieces.

Inventory:

Hand Weapons
 a - a +0 spear (weapon)
 b - a +0 hunting sling
Missiles
 f - 97 stones (quivered)
 r - 6 javelins
 s - 12 poisoned needles
 v - 17 sling bullets
Armour
 l - a +0 robe (worn)
 p - a +0 hat (worn)
Jewellery
 j - a ring of positive energy (left hand)
Scrolls
 e - a scroll of remove curse {unknown}
 g - 2 scrolls of enchant weapon {unknown}
 h - a scroll of recharging {unknown}
 i - a scroll of identify {unknown}
 o - 3 scrolls of fear {unknown}
 x - a scroll of teleportation {unknown}
Potions
 k - a potion of curing {unknown}
 n - 4 potions of cancellation {unknown}
 q - 3 potions of invisibility {unknown}
 t - a potion of haste {unknown}
Books
 c - a book of Minor Magic
Comestibles
 d - 2 bread rations
 m - a beef jerky
 u - a meat ration


   Skills:
 - Level 3.0 Fighting
 - Level 1.5 Dodging
 - Level 1.5 Stealth
 - Level 2.4 Spellcasting
 - Level 2.0 Conjurations
 + Level 1.5 Summonings
 - Level 0.7 Translocations


You had one spell level left.
You knew the following spells:

 Your Spells              Type           Power        Failure   Level  Hunger
a - Magic Dart            Conj           #...         10%         1    #......
b - Blink                 Tloc           N/A          21%         2    ##.....
c - Call Imp              Summ           #.......     14%         2    ##.....


Dungeon Overview and Level Annotations

Branches:
Dungeon (2/15)

Altars:
The Shining One

Annotations:
D:2 Crazy Yiuf, Sigmund


Message History

Crazy Yiuf freezes you.
Casting: Magic Dart
Confirm with . or Enter, or press ? or * to list all spells.
Aiming: Magic Dart
Press: ? - help, Shift-Dir - straight line, f/p - Crazy Yiuf
Aim: Crazy Yiuf, wielding a quarterstaff of chaos and wearing a cloak (lightly wounded)
The magic dart hits Crazy Yiuf.
Crazy Yiuf is lightly wounded.
Crazy Yiuf hits you with a quarterstaff of chaos!
Crazy Yiuf freezes you.
Casting: Magic Dart
Confirm with . or Enter, or press ? or * to list all spells.
Aiming: Magic Dart
Press: ? - help, Shift-Dir - straight line, f/p - Crazy Yiuf
Aim: Crazy Yiuf, wielding a quarterstaff of chaos and wearing a cloak (lightly wounded)
The magic dart hits Crazy Yiuf.
Crazy Yiuf is moderately wounded.
Crazy Yiuf whimpers, "Mountain!"
Crazy Yiuf hits you with a quarterstaff of chaos!
You die...

...#
#####.####.#
#..# #.##
#.# ### #..#
#.########.#
#..#
#..........#
##### #.)#
############
#..)#
##..###
#...#
#####.....#
...
#.........#
#g#
#####.#####
#########
♣♣@♣ #.#
#.>.....#
♣.♣♣ #.#
#.#####.#
♣♣.♣ ###.###
####.# #.#
♣.♣♣ #.....#
.....# #.#
♣♣.♣♣
###.#.#.##
.###.# #.#
♣...♣♣
#>.......#
.#...### #.#
♣....♣
###.#.#..#
.......# #.#
#....#
#........#
.....#.# #.#
#....##
########.#


You could see Crazy Yiuf.

Vanquished Creatures
  A worm (D:2)
  4 dart slugs
  2 leopard geckos (D:1)
  A ball python (D:2)
  5 bats
  5 giant cockroaches
  5 goblins
  6 hobgoblins
  2 kobolds (D:2)
  A frilled lizard (D:2)
  2 rats (D:1)
34 creatures vanquished.

Notes
Turn   | Place    | Note
-------+----------+-------------------------------------------
     0 | D:1      | emikaela the Hill Orc Wizard began the quest for the Orb.
     0 | D:1      | Reached XP level 1. HP: 14/14 MP: 3/3
   376 | D:1      | Reached XP level 2. HP: 18/20 MP: 0/5
   380 | D:1      | Learned a level 2 spell: Blink
   383 | D:1      | Learned a level 2 spell: Call Imp
   640 | D:1      | Reached skill level 1 in Fighting
   968 | D:1      | Reached skill level 2 in Fighting
   970 | D:1      | Reached XP level 3. HP: 27/29 MP: 0/6
  1596 | D:2      | Reached skill level 3 in Fighting
  1857 | D:2      | Found a glowing golden altar of the Shining One.
  2322 | D:2      | Noticed Sigmund
  2596 | D:2      | Found a runed door.
  2600 | D:2      | Noticed Crazy Yiuf
  2605 | D:2      | Slain by Crazy Yiuf

Skill      XL: |  1  2  3 |
---------------+----------+-----
Conjurations   | 2 |  2.0
Fighting       | 2 3 |  3.0
Dodging        | |  1.5
Stealth        | |  1.5
Spellcasting   | |  2.4
Summonings     | |  1.5
Translocations | |  0.7

Action                   || total
-------------------------++-------
Melee: Unarmed           ||    13
       Club              ||    11
       Spear             ||    30
 Cast: Magic Dart        ||    89
 Stab: Sleeping          ||     3
  Eat: Chunk             ||     6
Armor: Robe              ||     3
Dodge: Dodged            ||    40
